Map: Central Protocol

Players

dTefel (Tefel) - Winner!

  • Race: Zerg Zerg
  • League: Grandmaster

Miszu

  • Race: Terran Terran
  • League: Grandmaster

VOD

Have the link to the VOD?

Description

Time

  • Played on: Feb. 14, 2016, 8:30 a.m.
  • Length: 13:10
Show
View Real Time Build Order
Export as new Build Order

dTefel Zerg - Winner!

Build Orders: Pool First 

Get SALT Encoding   

  12  0:00  Drone  
  13  0:08  Drone  
  14  0:16  Overlord  
  14  0:22  Extractor  
  14  0:23  Drone  
  15  0:36  Drone x2  
  17  0:45  Spawning Pool  
  17  0:48  Drone  
  17  1:08  Hatchery  
  16  1:12  Drone  
  16  1:15  Extractor  
  16  1:17  Drone  
  17  1:20  Drone  
  18  1:26  Drone  
  19  1:39  Zergling x2  
  20  1:45  Queen  
  22  1:47  Overlord  
  22  2:08  Drone  
  23  2:11  Drone  
  24  2:20  Metabolic Boost, Queen, Drone  
  24  2:21  Queen, Drone  
  30  2:34  Drone  
  31  2:37  Overlord  
  31  2:42  Drone  
  31  2:43  Drone  
  33  2:53  Drone, Spore Crawler  
  33  2:54  Drone  
  33  2:55  Spore Crawler  
  33  2:56  Drone x2  
  35  3:00  Drone  
  38  3:06  Drone x2  
  40  3:14  Drone  
  40  3:19  Overlord  
  39  3:28  Zergling x4  
  39  3:30  Zergling x4  
  39  3:32  Extractor  
  39  3:33  Zergling x2  
  43  3:36  Zergling x2  
  43  3:37  Overlord  
  43  3:41  Zergling x4  
  43  3:42  Zergling x2  
  46  3:49  Zergling x2  
  46  3:54  Overlord  
  44  4:00  Roach Warren  
  44  4:02  Drone x2  
  45  4:04  Overlord  
  45  4:05  Roach Warren  
  45  4:06  Zergling x8  
  48  4:31  Overlord, Drone x2  
  49  4:35  Overlord  
  49  4:39  Roach  
  49  4:40  Overlord, Roach x6  
  63  4:50  Hatchery  
  63  4:52  Drone x2  
  64  4:54  Lair  
  64  4:59  Drone  
  65  5:03  Drone  
  66  5:07  Drone x3  
  66  5:09  Extractor  
  66  5:10  Drone, Evolution Chamber  
  68  5:14  Queen  
  68  5:16  Drone  
  68  5:21  Drone x2  
  73  5:24  Drone  
  73  5:26  Overlord  
  73  5:27  Extractor  
  73  5:32  Drone  
  74  5:37  Ravager  
  74  5:38  Ravager  
  74  5:39  Ravager  
  74  5:40  Drone x5  
  82  5:43  Drone  
  82  5:46  Drone x2  
  85  5:54  Drone  
  75  6:04  Drone x3  
  75  6:05  Glial Reconstitution, Zerg Missile Weapons Level 1  
  75  6:08  Drone  
  79  6:11  Drone x2  
  79  6:12  Drone  
  79  6:13  Drone  
  79  6:14  Drone x2  
  85  6:18  Drone x2  
  85  6:21  Overlord  
  85  6:24  Extractor, Drone  
  87  6:28  Extractor  
  87  6:29  Drone  
  87  6:30  Drone  
  88  6:35  Roach  
  90  6:41  Overlord  
  90  6:42  Roach  
  90  6:44  Ravager x3  
  97  6:47  Roach  
  97  6:48  Roach  
  97  6:53  Roach x4  
  97  6:54  Roach x2  
  111  6:55  Roach x3  
  111  6:56  Roach  
  111  7:00  Roach  
  121  7:02  Roach  
  121  7:06  Roach  
  125  7:08  Roach  
  125  7:15  Roach  
  128  7:21  Roach  
  130  7:24  Overlord  
  130  7:25  Overlord x3, Overseer  
  130  7:26  Overlord  
  130  7:30  Overlord  
  130  7:36  Evolution Chamber  
  129  7:38  Overlord  
  129  7:43  Overlord x2  
  131  7:44  Roach x4  
  131  7:45  Ravager x3  
  131  7:46  Overlord  
  138  7:54  Drone  
  139  7:58  Drone  
  139  7:59  Roach x4, Drone  
  139  8:00  Evolution Chamber  
  139  8:01  Roach x2  
  139  8:03  Roach x2  
  139  8:04  Roach  
  158  8:07  Roach  
  158  8:09  Ravager x4  
  158  8:10  Overlord, Ravager  
  163  8:14  Roach  
  163  8:18  Roach  
  167  8:21  Roach  
  167  8:25  Roach x2  
  175  8:27  Roach x2  
  175  8:28  Roach  
  175  8:30  Overlord  
  175  8:31  Zerg Ground Armor Level 1  
  175  8:33  Roach x3  
  183  8:36  Roach  
  183  8:39  Zerg Missile Weapons Level 2  
  183  8:40  Zergling x2  
  186  8:46  Spine Crawler  
  186  8:47  Spine Crawler  
  184  8:49  Ravager x2  
  184  8:54  Spine Crawler  
  184  8:55  Roach x2  
  189  8:59  Roach  
  189  9:00  Spine Crawler  
  189  9:01  Roach  
  192  9:05  Roach  
  194  9:13  Overlord  
  194  9:16  Spine Crawler  
  193  9:20  Zergling x2  
  194  9:32  Roach x3  
  193  9:48  Roach x3  
  193  9:49  Roach  
  193  9:50  Roach  
  177  9:52  Roach  
  177  9:55  Roach  
  159  10:04  Roach  
  140  10:07  Roach  
  140  10:11  Roach x3  
  125  10:14  Roach x2  
  125  10:16  Roach x3  
  125  10:17  Roach x4  
  125  10:19  Queen  
  128  10:24  Roach  
  115  10:28  Roach x2  
  115  10:30  Ravager x4  
  115  10:33  Roach  
  119  10:36  Roach  
  119  10:38  Ravager x4  
  119  10:39  Roach  
  127  10:44  Roach  
  127  10:45  Roach, Overseer  
  131  10:50  Roach  
  131  10:51  Roach x3  
  131  10:55  Roach  
  141  10:58  Roach  
  141  10:59  Roach  
  145  11:07  Roach  
  145  11:08  Roach x3  
  151  11:15  Roach x2  
  131  11:21  Roach x4  
  131  11:22  Roach x3  
  131  11:25  Hatchery  
  142  11:26  Roach x2  
  142  11:27  Ravager  
  142  11:28  Ravager  
  142  11:31  Zergling x2  
  142  11:32  Zergling x10  
  154  11:34  Ravager  
  154  11:36  Roach  
  154  11:37  Roach  
  154  11:39  Roach  
  161  11:43  Overseer  
  161  11:46  Roach  
  163  11:49  Drone  
  163  11:50  Roach x3  
  163  11:52  Roach  
  172  11:56  Roach  
  172  12:00  Roach x2  
  182  12:01  Roach x2  
  182  12:04  Roach  
  184  12:11  Roach  
  184  12:12  Roach x2  
  190  12:18  Roach x2, Spore Crawler  
  193  12:26  Hatchery  
  190  12:36  Roach  
  192  12:45  Ravager  
Show
View Real Time Build Order
Export as new Build Order

Miszu Terran 

Build Orders: MMM Bio 

Get SALT Encoding   

  12  0:00  SCV  
  13  0:12  SCV  
  14  0:17  Supply Depot  
  14  0:24  SCV  
  14  0:28  Refinery  
  15  0:39  SCV  
  16  0:48  Barracks  
  16  0:51  SCV  
  17  1:03  SCV  
  18  1:06  Barracks  
  18  1:15  SCV  
  19  1:27  SCV  
  20  1:37  Reaper  
  20  1:39  Orbital Command  
  21  1:42  Supply Depot  
  21  1:53  Reaper  
  22  2:04  SCV  
  23  2:09  Reaper  
  23  2:11  Supply Depot  
  24  2:17  SCV  
  25  2:25  Reaper  
  26  2:30  SCV  
  26  2:35  Command Center  
  27  2:41  Reaper  
  27  2:42  SCV  
  29  2:57  Reaper  
  29  2:59  SCV  
  30  3:13  Reaper  
  30  3:16  SCV  
  30  3:18  Refinery  
  30  3:19  Command Center  
  32  3:22  Barracks  
  32  3:31  Reaper, SCV  
  33  3:56  Barracks Tech Lab, SCV  
  33  4:01  Orbital Command  
  33  4:02  Factory  
  34  4:03  Barracks Tech Lab  
  34  4:06  Barracks Tech Lab  
  34  4:08  SCV  
  35  4:14  Barracks Reactor  
  35  4:20  SCV  
  35  4:23  Marine  
  37  4:29  Marine  
  38  4:33  Bunker, Stimpack, Orbital Command  
  38  4:35  SCV  
  38  4:36  SCV  
  40  4:41  Marine  
  41  4:47  Marine  
  41  4:48  SCV  
  41  4:50  Marine x2  
  45  4:54  Starport  
  45  4:55  Factory Reactor  
  45  4:58  SCV x2  
  45  4:59  Marine  
  48  5:05  Marine  
  49  5:07  SCV  
  49  5:08  Marine  
  49  5:09  Marine  
  49  5:10  SCV  
  54  5:14  SCV  
  54  5:17  Marine  
  54  5:21  Supply Depot  
  55  5:22  SCV x2  
  55  5:23  Marine  
  55  5:26  Marine, SCV  
  55  5:27  Marine, Combat Shields  
  61  5:31  Refinery  
  61  5:32  Refinery  
  61  5:34  Marine, SCV  
  63  5:40  SCV x2  
  63  5:41  Marine  
  66  5:44  Marine x2  
  66  5:48  Supply Depot  
  66  5:49  SCV  
  69  5:50  Factory Tech Lab  
  69  5:52  Marine, SCV  
  69  5:54  Medivac  
  73  5:59  Marine  
  73  6:01  Marine  
  68  6:05  SCV  
  68  6:06  Marine  
  68  6:08  SCV x2  
  68  6:10  Marine  
  73  6:13  Siege Tank  
  73  6:16  Marine  
  73  6:17  Medivac, SCV  
  80  6:19  Marine  
  80  6:20  SCV  
  80  6:22  Engineering Bay  
  80  6:24  Supply Depot, Engineering Bay, Medivac  
  85  6:28  Supply Depot  
  85  6:31  Marine  
  85  6:37  Barracks  
  85  6:38  Barracks  
  85  6:46  Marine x3  
  88  6:47  Medivac  
  88  6:49  Marine  
  91  6:56  Siege Tank  
  91  6:57  Terran Infantry Armor Level 1  
  91  6:58  Terran Infantry Weapons Level 1  
  94  7:03  Marine  
  94  7:04  Supply Depot, Marine  
  94  7:05  Supply Depot  
  94  7:07  Reaper  
  97  7:10  Marine  
  97  7:21  Marine x2  
  99  7:28  Barracks Reactor x2, Marine, Siege Tank  
  103  7:30  Barracks Tech Lab x2  
  103  7:31  Medivac  
  103  7:32  SCV x2  
  107  7:39  Marine x3  
  107  7:44  SCV  
  111  7:46  Orbital Command  
  112  7:51  Marauder  
  112  7:53  Marine, Marauder  
  112  7:57  Marauder  
  117  8:05  Marine  
  117  8:08  Marauder  
  117  8:10  Marine, Armory  
  116  8:13  Marauder  
  116  8:14  Marauder  
  116  8:18  Marauder  
  120  8:23  Marine  
  118  8:28  Marine  
  118  8:29  Marauder  
  118  8:31  Siege Tank  
  118  8:32  Bunker x2  
  118  8:33  Marine  
  125  8:36  Marauder  
  125  8:39  Medivac  
  125  8:40  Marauder  
  125  8:41  Marine  
  132  8:45  Supply Depot  
  132  8:46  Marine  
  132  8:47  Supply Depot  
  133  9:03  Marine  
  133  9:04  Marine  
  133  9:05  Marine  
  133  9:07  Marauder x3, Siege Tank  
  140  9:17  Medivac  
  140  9:19  SCV x3  
  140  9:21  Marine  
  140  9:22  Marine  
  140  9:23  Supply Depot x2  
  149  9:24  Terran Infantry Armor Level 2, Marauder  
  149  9:25  Supply Depot  
  149  9:29  Terran Infantry Weapons Level 2  
  149  9:33  Refinery x2  
  149  9:44  Marine x2, SCV x3  
  149  9:45  Marauder x4  
  135  9:57  SCV x2  
  117  10:06  Marauder x2  
  114  10:09  Marine x2, Marauder  
  114  10:10  Marine  
  86  10:27  Marine x5  
  87  10:30  Marine  
  88  10:38  Medivac, Siege Tank  
  88  10:41  SCV  
  94  10:45  Marine x4  
  94  10:46  Marauder  
  94  10:48  Marine  
  101  10:54  SCV  
  102  10:58  SCV  
  102  11:02  Marine  
  102  11:03  Marine x2, Marauder  
  109  11:06  Marauder  
  109  11:07  Marauder  
  95  11:20  Marine  
  95  11:21  Marine, Marauder  
  95  11:24  Marine  
  96  11:27  Marine  
  96  11:28  Marine  
  98  11:33  SCV  
  98  11:38  Marine  
  98  11:39  Marine  
  101  11:42  Marine x2  
  101  11:43  Siege Tank  
  101  11:45  Marine  
  101  11:46  Marine  
  108  11:53  Orbital Command  
  108  11:56  Marine x2  
  108  12:00  Marine, Marauder  
  113  12:03  Marine  
  113  12:04  Marine  
  115  12:14  Marine  
  115  12:15  Siege Tank  
  119  12:16  Marine  
  119  12:18  Marauder  
  119  12:21  Marine, Marauder  
  127  12:23  Marauder  
  127  12:32  Marine  
  127  12:34  Marine, Medivac x2  
  131  12:39  Marine x2  
  135  12:44  Marine, Marauder  
  135  12:49  Marine  
  137  12:51  Marine  
Tags
 
Add a new tag
Caveats
  • Supply blocks, unpowered buildings, or Contaminate may cause inaccurate times.
  • Supply counts are checked every 10 seconds.